 Dungeon Crawl Stone Soup version 0.25-a0-589-g1e14c549ee (webtiles) character file.

Game seed: 17124858419215557596, levelgen mode: deterministic

248 DerDa the Skirmisher (level 6, -3/56 HPs)
             Began as a Hill Orc Monk on Mar 9, 2020.
             Killed from afar by Ijyb (14 damage)
             ... with a bolt of acid
             ... on level 4 of the Dungeon.
             The game lasted 00:08:19 (4368 turns).

DerDa the Skirmisher (Hill Orc Monk)                Turns: 4368, Time: 00:08:20

Health: -3/56      AC:  2    Str: 16    XL:     6   Next: 12%
Magic:  6/6        EV:  8    Int: 16    God:
Gold:   214        SH:  8    Dex: 13    Spells: 5/5 levels left

rFire    . . .     SeeInvis .   C - +0 long sword
rCold    . . .     Gourm    .   t - +0 kite shield
rNeg     + . .     Faith    .   h - +0 scale mail of Wisdom {Int+6} (curse)
rPois    .         Spirit   .   (no helmet)
rElec    .         Reflect  .   (no cloak)
rCorr    .         Harm     .   (no gloves)
MR       .....                  (no boots)
Stlth    ..........             (no amulet)
HPRegen  0.18/turn              l - ring of positive energy
MPRegen  0.10/turn              (no ring)

@: corroded, very slightly contaminated, invisible
A: no striking features
a: no special abilities


You were on level 4 of the Dungeon.
You were not hungry.

You visited 1 branch of the dungeon, and saw 5 of its levels.

You collected 214 gold pieces.

Inventory:

Hand Weapons
 u - a +0 hunting sling
 x - a +0 short sword of protection
 C - a +0 long sword (weapon)
Missiles
 a - 16 sling bullets
 b - 12 bolts
 e - 105 stones
 w - 63 poisoned darts (quivered)
Armour
 h - the cursed +0 scale mail of Wisdom (worn) {Int+6}
   (You found it on level 4 of the Dungeon)

   It affects your intelligence (+6).
   It has a curse placed upon it.
 j - a +0 plate armour
 t - a +0 kite shield (worn)
Jewellery
 l - a ring of positive energy (left hand)
Wands
 o - a wand of random effects (16)
 y - a wand of clouds (6)
Scrolls
 d - 6 scrolls of identify {unknown}
 g - a scroll of random uselessness {unknown}
 i - a scroll of immolation {unknown}
 k - a scroll of fog {unknown}
 m - a scroll of teleportation {unknown}
 p - a scroll of amnesia {unknown}
 r - 2 scrolls of magic mapping {unknown}
 s - a scroll of remove curse {unknown}
 v - a scroll of enchant weapon {unknown}
 A - a scroll of fear {unknown}
Potions
 n - 2 potions of lignification
 B - a potion of might {unknown}
 D - a potion of degeneration {unknown}
Comestibles
 c - 4 rations


   Skills:
 * Level 5.2 Fighting
 + Level 4.1 Long Blades
 + Level 2.1 Armour
 * Level 3.5 Dodging
 - Level 1.5 Stealth
 + Level 1.5 Shields
 + Level 0.8 Evocations


You had 5 spell levels left.
You didn't know any spells.
Your spell library was empty.

Dungeon Overview and Level Annotations

Branches:
Dungeon (5/15)
 Temple: D:4-7

Altars:
Cheibriados
Uskayaw

Annotations:
D:4 Ijyb


Message History

You block Ijyb's attack.
You closely miss Ijyb.
Ijyb is severely wounded.
Ijyb zaps a wand.
The bolt of acid hits you! The acid corrodes you!
You are splashed with acid!
* * * LOW HITPOINT WARNING * * *
Your shield prevents you from hitting Ijyb.
Ijyb is severely wounded.
Ijyb hits you with a +0 dagger.
* * * LOW HITPOINT WARNING * * *
Okay, then.
You fade into invisibility!
You block Ijyb's attack.
You are very lightly contaminated with residual magic.
You strike the helpless Ijyb from behind!
You hit Ijyb.
Ijyb is almost dead.
Ijyb screams, "Get away!"
Ijyb zaps a wand.
The bolt of acid hits you!
You die...

........# ##.#.#.# #.##.#
........####.#.#.# #.##.#
.............#.#.# #.##.#
#####'######...#.# #.##.#
#.# ##..#.# #.##.#
#.#######..#.# #.##.#
#............# #.##.#
##########>###########.##.#
#5g@.........[##.#
#.##############.# #.# #.#
#.# #.# #.# #.# #.# #.#
#.##############.#
#................#
##################


You could see Ijyb and a crimson imp.

Vanquished Creatures
  A jelly (D:4)
  2 bullfrog skeletons
  A worker ant (D:4)
  3 adders
  An ooze (D:1)
  5 worms
  2 dart slugs
  A leopard gecko (D:2)
  6 orcs (D:4)
  6 bats
  4 giant cockroaches
  10 goblins
  6 hobgoblins
  11 jackals
  2 quokkas
  A ball python (D:2)
  8 frilled lizards
  5 kobolds
  A quokka zombie (D:5)
  9 rats
85 creatures vanquished.

Notes
Turn   | Place    | Note
-------+----------+-------------------------------------------
     0 | D:1      | DerDa the Hill Orc Monk began the quest for the Orb.
     0 | D:1      | Reached XP level 1. HP: 19/19 MP: 1/1
   120 | D:1      | Reached XP level 2. HP: 11/27 MP: 2/2
   367 | D:1      | Reached skill level 4 in Fighting
   499 | D:1      | Reached XP level 3. HP: 30/33 MP: 3/3
   987 | D:2      | Reached skill level 1 in Armour
  1311 | D:2      | Reached XP level 4. HP: 39/41 MP: 4/4
  2347 | D:3      | Reached XP level 5. HP: 47/47 MP: 5/5
  2492 | D:3      | Found a faded altar of an unknown god.
  2812 | D:4      | Reached skill level 1 in Shields
  3106 | D:4      | Got a distressingly furry scale mail
  3116 | D:4      | Identified the cursed +0 scale mail of Wisdom {Int+6} (You
                  | found it on level 4 of the Dungeon)
  3142 | D:4      | Found a hide-covered altar of Uskayaw.
  3313 | D:4      | Reached skill level 5 in Fighting
  3910 | D:5      | Entered Level 5 of the Dungeon
  4174 | D:4      | Reached XP level 6. HP: 25/56 MP: 6/6
  4347 | D:5      | Found a snail-covered altar of Cheibriados.
  4347 | D:5      | Noticed Ijyb
  4368 | D:4      | Killed from afar by Ijyb

Levels and vault maps discovered:
D:1:      minmay_arrival_glassed_features, layout_loops_ring
D:2:      layout_loops_ring, first_ration, fountainhead
D:3:      layout_loops_cross, chequers_ecumenical_altar_simple,
          kennysheep_doodads, chequers_serial_rivers_micro_d
D:4:      layout_basic, nicolae_overflow_crystal_walls
D:5:      layout_loops_corners, serial_shops, nicolae_shop_waterfront,
          basic_altar, uniq_ijyb

Skill      XL: |  1  2  3  4  5 |
---------------+----------------+-----
Fighting       | 4 5 |  5.2
Armour         | 1 2 |  2.1
Dodging        | 3 |  3.5
Long Blades    | 4 |  4.1
Shields        | 1 |  1.5
Stealth        | |  1.5
Evocations     | |  0.8

Action                   |  1- 3 |  4- 6 || total
-------------------------+-------+-------++-------
Melee: Falchion          |   165 |   108 ||   273
       Long sword        |       |   138 ||   138
  Use: Potion            |       |     6 ||     6
 Stab: Invisible         |       |     5 ||     5
  Eat: Chunk             |     2 |     7 ||     9
       Ration            |       |     1 ||     1
Armor: Ring mail         |    22 |       ||    22
       Robe              |     2 |       ||     2
       Plate armour      |    77 |   144 ||   221
       Scale mail        |       |    21 ||    21
       Skin              |       |     2 ||     2
Dodge: Dodged            |    68 |    42 ||   110
Block: Kite shield       |       |   108 ||   108
       Rpst.: Falchion   |    19 |     1 ||    20
       Long sword        |       |    13 ||    13

Table legend:
 A = Non-vault XP
 B = Vault XP
 C = Vault XP percentage of total XP
 D = Non-vault monster count
 E = Vault monster count
 F = Vault count percentage of total count
                 A         B        C        D         E       F
            +---------+---------+-------+---------+---------+-------
      Total |     355 |       0 |   0.0 |      85 |       0 |   0.0
            +---------+---------+-------+---------+---------+-------
        D:1 |      48 |       0 |   0.0 |      24 |       0 |   0.0
        D:2 |      99 |       0 |   0.0 |      26 |       0 |   0.0
        D:3 |      40 |       0 |   0.0 |      21 |       0 |   0.0
        D:4 |     163 |       0 |   0.0 |      12 |       0 |   0.0
        D:5 |       5 |       0 |   0.0 |       2 |       0 |   0.0
            +---------+---------+-------+---------+---------+-------
